 Dungeon Crawl Stone Soup version 0.29-a0-284-gf9362112df (webtiles) character file.

Game seed: 3380107037345401902

3537 YayAnonymity the Basher (level 10, -1/58 HPs)
             Began as a Gargoyle Fighter on Mar 26, 2022.
             Was a Follower of Makhleb.
             Slain by an orc warrior
             ... wielding a +2 vorpal scimitar
              (14 damage)
             ... on level 8 of the Dungeon.
             The game lasted 00:15:14 (9809 turns).

YayAnonymity the Basher (Gargoyle Fighter)          Turns: 9809, Time: 00:15:15

Health: -1/58      AC: 23    Str: 25    XL:     10   Next: 8%
Magic:  12/12      EV:  9    Int:  8    God:    Makhleb [*.....]
Gold:   360        SH:  4    Dex:  9    Spells: 9/9 levels left

rFire   . . .      SeeInvis .   a - +1 flail (protect)
rCold   + . .      Faith    .   c - +0 buckler
rNeg    + . .      Spirit   .   b - +0 scale mail
rPois   ∞          Reflect  .   (no helmet)
rElec   +          Harm     .   (no cloak)
rCorr   +          Rampage  .   m - +1 pair of gloves
Will    .....                   (no boots)
Stlth   ..........              i - amulet of magic regeneration
HPRegen 0.19/turn               k - ring of resist corrosion
MPRegen 0.53/turn               s - ring of protection from cold

@: under a protective aura
A: sickness immunity, AC +7, negative energy resistance 1, electricity
resistance, torment resistance 1, petrification resistance
a: Renounce Religion


You were on level 8 of the Dungeon.
You worshipped Makhleb.
Makhleb was aware of your devotion.
You visited 2 branches of the dungeon, and saw 9 of its levels.
You also visited: Ossuary.

You collected 360 gold pieces.

Inventory:

Hand Weapons
 a - a +1 flail of protection (weapon)
Missiles
 g - 24 poisoned darts
 v - 3 javelins (quivered)
Armour
 b - a +0 scale mail (worn)
 c - a +0 buckler (worn)
 m - a +1 pair of gloves (worn)
Jewellery
 i - an amulet of magic regeneration (around neck)
 k - a ring of resist corrosion (left hand)
 s - a ring of protection from cold (right hand)
Wands
 f - a wand of flame (35)
 l - a wand of polymorph (8)
 t - a wand of paralysis (7)
 w - a wand of digging (5)
Scrolls
 d - a scroll of fear
 j - 3 scrolls of teleportation
 r - a scroll of enchant weapon
 u - 2 scrolls of noise
 x - a scroll of summoning {unknown}
Potions
 e - 3 potions of attraction
 h - 4 potions of lignification
 n - 3 potions of ambrosia
 o - a potion of haste
 p - 7 potions of curing
 q - a potion of might
 z - a potion of mutation
 A - a potion of brilliance {unknown}
 B - a potion of flight {unknown}
 C - a potion of resistance {unknown}
 D - 2 potions of heal wounds


   Skills:
 + Level 4.6 Fighting
 + Level 13.1 Maces & Flails
 + Level 4.6 Armour
 - Level 3.2 Shields
 + Level 3.0 Invocations


You had 9 spell levels left.
You didn't know any spells.
Your spell library contained the following spells:

 Spells                   Type           Power      Damage    Failure   Level
 Blink                    Tloc           0%         N/A       89%         2
 Ensorcelled Hibernation  Hex/Ice        0%         N/A       89%         2
 Passwall                 Tmut/Erth      0%         N/A       89%         2
 Lesser Beckoning         Tloc           0%         N/A       98%         3
 Swiftness                Air            0%         N/A       98%         3
 Tukima's Dance           Hex            0%         N/A       98%         3
 Passage of Golubria      Tloc           0%         N/A       100%        4
 Manifold Assault         Tloc           0%         N/A       100%        5
 Yara's Violent Unravell  Hex/Tmut       0%         3d3       100%        5


Dungeon Overview and Level Annotations

Branches:
Dungeon (8/15)             Temple (1/1) D:7         Ossuary (visited)
   Lair: D:8-11

Altars:
Ashenzari
Cheibriados
Elyvilon
Fedhas
Gozag
Hepliaklqana
Kikubaaqudgha
Makhleb
Nemelex Xobeh
Okawaru
Qazlal
Trog
Uskayaw
Wu Jian
Xom
Zin
The Shining One

Shops:
D:4 (


Innate Abilities, Weirdness & Mutations

You are immune to sickness and miasma.
Your stone body is resilient. (AC +7)
You are immune to poison.
You resist negative energy. (rN+)
You are resistant to electric shocks. (rElec)
You are resistant to unholy torment.
You are immune to petrification.


Message History

The orc priest hits you but does no damage. x2
The orc warrior hits you but does no damage.
You sock the orc priest!
The orc priest is severely wounded.
Okay, then.
You closely miss the orc priest.
The orc priest is severely wounded.
The orc priest invokes the aid of Beogh against you.
Pain shoots through your body! The orc priest misses you.
The orc warrior hits you with a +2 vorpal scimitar!
* * * LOW HITPOINT WARNING * * *
x2 You feel much better.
The orc priest hits you but does no damage.
The orc priest hits you with a +0 club.
The orc warrior hits you with a +2 vorpal scimitar!
* * * LOW HITPOINT WARNING * * *
x2 You barely miss the orc priest.
The orc priest is severely wounded.
The orc priest barely misses you.
The orc priest hits you but does no damage.
You block the orc warrior's attack.
You barely miss the orc priest.
The orc priest is severely wounded.
The orc priest barely misses you.
The orc priest calls upon Beogh to heal the orc priest.
The orc priest's wounds heal themselves!
The orc warrior closely misses you.
You hit the orc priest.
The orc priest is severely wounded.
You thump the orc priest!
You kill the orc priest!
Makhleb accepts your kill.
You feel better.
The orc priest hits you but does no damage.
You block the orc warrior's attack.
You sock the orc priest!
You kill the orc priest!
Makhleb accepts your kill.
The orc warrior hits you with a +2 vorpal scimitar!
You die...

#. .# ####...#.>.# #.##.#
#..#...#...# .....#
#..'#######' ....# #.#..#
#. #...####.#..# ##
#...........# #
#.###...######..#######
#...".o.# #....>....
########@.#######.######.
#...)..)).....###.#### #.
#.######..###........# #.
#..# #........# #.
#..###........###.
........).........
#>.####..).....#### ...#
#..)))...# ....#
#...(....#


You could see an orc warrior.

Vanquished Creatures
  Grinder (D:4)
  Sigmund (D:5)
  Eustachio (D:5)
  3 water moccasins
  4 orc warriors
  An ice beast (D:8)
  3 ogres
  2 kobold brigands
  2 bullfrogs
  4 scorpions
  10 wights
  A gnoll shaman (D:5)
  3 hounds
  3 jellies
  6 orc priests
  4 iguanas (D:5)
  7 orc wizards
  3 mummies (Ossuary)
  9 adders
  4 gnolls
  A shadow imp (D:3)
  A white imp (D:6)
  2 ufetubi
  2 adder zombies (Ossuary)
  A worm (D:2)
  3 dart slugs
  28 orcs
  7 endoplasms
  7 giant cockroaches
  7 goblins
  6 hobgoblins
  14 jackals
  12 kobolds
  5 quokkas
  8 ball pythons
  4 bats
  4 frilled lizards
  5 goblin zombies (Ossuary)
  4 hobgoblin zombies (Ossuary)
  A kobold zombie (Ossuary)
  2 quokka zombies (Ossuary)
  A rat (D:1)
  4 rat zombies (Ossuary)
201 creatures vanquished.

Vanquished Creatures (others)
  An orc (D:7)
1 creature vanquished.

Grand Total: 202 creatures vanquished

Notes
Turn   | Place    | Note
-------+----------+-------------------------------------------
     0 | D:1      | YayAnonymity the Gargoyle Fighter began the quest for the
                  | Orb.
     0 | D:1      | Reached XP level 1. HP: 14/14 MP: 1/1
   309 | D:1      | Reached skill level 3 in Maces & Flails
   309 | D:1      | Reached XP level 2. HP: 11/19 MP: 2/2
   737 | D:1      | Reached XP level 3. HP: 23/23 MP: 3/3
  1499 | D:2      | Reached skill level 4 in Maces & Flails
  1543 | D:2      | Reached XP level 4. HP: 28/28 MP: 4/4
  1826 | D:2      | Found a faded altar of an unknown god.
  1843 | D:2      | Found an ancient bone altar of Kikubaaqudgha.
  2280 | D:3      | Reached skill level 5 in Maces & Flails
  2280 | D:3      | Reached XP level 5. HP: 32/32 MP: 5/5
  2493 | D:3      | Found a bloodstained altar of Trog.
  2839 | D:3      | Reached skill level 6 in Maces & Flails
  2940 | D:3      | Reached XP level 6. HP: 37/37 MP: 6/6
  3254 | D:4      | Noticed Grinder
  3255 | D:4      | Paralysed by Grinder for 3 turns
  3281 | D:4      | Paralysed by Grinder for 3 turns
  3300 | D:4      | Killed Grinder
  3301 | D:4      | Reached skill level 7 in Maces & Flails
  3301 | D:4      | Reached XP level 7. HP: 27/41 MP: 7/7
  3564 | D:4      | Found Faqealut's Weapon Emporium.
  3738 | D:4      | Reached skill level 8 in Maces & Flails
  4411 | D:5      | Entered Level 5 of the Dungeon
  4505 | D:5      | Found a broken altar of Ashenzari.
  4520 | D:5      | Noticed Eustachio
  4542 | D:5      | Killed Eustachio
  4543 | D:5      | Reached skill level 9 in Maces & Flails
  4543 | D:5      | Reached XP level 8. HP: 27/46 MP: 8/8
  4998 | D:5      | Reached skill level 10 in Maces & Flails
  5031 | D:5      | Noticed Sigmund
  5072 | D:5      | Killed Sigmund
  6135 | D:5      | Reached skill level 11 in Maces & Flails
  6593 | D:6      | Reached XP level 9. HP: 12/51 MP: 9/9
  7045 | D:6      | Reached skill level 12 in Maces & Flails
  7759 | D:7      | Identified the +9 short sword "Goblinbane" {vorpal, Int+3
                  | Dex+5}
  7947 | D:7      | Found a staircase to the Ecumenical Temple.
  7988 | D:7      | HP: 2/76 [orc wizard/+0 dagger (2)]
  8253 | Temple   | Entered the Ecumenical Temple
  8323 | Temple   | Became a worshipper of Makhleb the Destroyer
  8379 | D:7      | Reached skill level 1 in Invocations
  9135 | D:7      | Reached skill level 13 in Maces & Flails
  9247 | D:7      | Paralysed by a kobold brigand for 7 turns
  9259 | D:7      | Found a hazy altar of Hepliaklqana.
  9260 | D:7      | Found a faded altar of an unknown god.
  9386 | D:8      | Found a sand-covered staircase.
  9415 | D:8      | Reached XP level 10. HP: 52/58 MP: 11/11
  9434 | Ossuary  | Entered an ossuary
  9631 | Ossuary  | Reached * piety under Makhleb
  9809 | D:8      | Slain by an orc warrior

Illustrated notes

Levels and vault maps discovered:
D:1:      dpeg_arrival_rhombi, layout_basic, minmay_stone_trees_large
D:2:      layout_basic, basic_ecumenical_altar, basic_altar, corner_web_ring
D:3:      layout_basic, amcnicky_altar_gilded
D:4:      layout_basic, serial_shops, nicolae_shop_hallway_plus,
          grunt_decor_resistance, uniq_grinder
D:5:      layout_gridville, mainiacjoe_overflow_surrounded_room, uniq_sigmund,
          uniq_eustachio
D:6:      layout_basic, roderic_lattice_a
D:7:      layout_gridville, beargit_hepliaklqana_dungeon_heroes,
          temple_fountains, minmay_misc_feat_more_columns
D:8:      layout_loops_ring, mainiacjoe_overflow_catwalk,
          nicolae_ossuary_entry_false_entrances, minmay_lindwurm_lava
Temple:   zaba_magenta_temple

Skill      XL: |  1  2  3  4  5  6  7  8  9 10 |
---------------+-------------------------------+-----
Maces & Flails | 3 4 5 6 7 9 11 13 | 13.1
Invocations    | 2 3 |  3.0
Fighting       | 4 |  4.6
Armour         | 4 |  4.6
Shields        | |  3.2

Action                   |  1- 3 |  4- 6 |  7- 9 | 10-12 || total
-------------------------+-------+-------+-------+-------++-------
Melee: Flail             |   150 |   178 |   450 |   101 ||   879
  Use: Scroll            |       |       |    13 |     1 ||    14
       Potion            |       |       |     4 |     1 ||     5
Armor: Scale mail        |    82 |    98 |   193 |    57 ||   430
       Skin              |       |       |    38 |       ||    38
Dodge: Dodged            |    72 |    76 |   125 |    45 ||   318
Block: Buckler           |    35 |    33 |    53 |    20 ||   141

Table legend: (Time is in decaauts)
 A = Elapsed time spent in this place.
 B = Non-inter-level travel time spent in this place.
 C = Inter-level travel time spent in this place.
 D = Time resting spent in this place.
 E = Time spent auto-exploring this place.
 F = Levels seen in this place.
 G = Mean time per level.
                   A        B        C        D        E       F      G
               +--------+--------+--------+--------+--------+-----+--------+
         Total |   9793 |   9682 |    111 |   1922 |   5828 |  10 |  979.3 |
       Dungeon |   9439 |   9340 |     99 |   1822 |   5822 |   8 | 1179.9 |
        Temple |     83 |     71 |     12 |      0 |      6 |   1 |   83.0 |
       Ossuary |    270 |    270 |      0 |    100 |      0 |   1 |  270.0 |
               +--------+--------+--------+--------+--------+-----+--------+

Top non-repeatable levels by time:
     D:5: 2133 daAuts
     D:7: 1344 daAuts
     D:6: 1328 daAuts
     D:1: 1295 daAuts
     D:4: 1155 daAuts
     D:2: 1018 daAuts
     D:3: 1017 daAuts
 Ossuary: 270 daAuts
     D:8: 146 daAuts
  Temple: 83 daAuts
